Map: Berlingrad LE

Players

Krystianer - Winner!

  • Race: Protoss Protoss
  • League: Master

AGOElazer (Elazer)

  • Race: Zerg Zerg
  • League: Master

Event: DreamHack SC2 Masters Last Chance 2022

VOD

Have the link to the VOD?

Description

Time

  • Played on: Dec. 17, 2021, 2:05 p.m.
  • Length: 8:58

All games in this series

Show
View Real Time Build Order
Export as new Build Order

Krystianer Protoss - Winner!

Build Orders: 1 Gate Expand, Oracle Opening, Archon Immortal, Archon Drop 

Get SALT Encoding   

  12  0:00  Probe  
  13  0:12  Probe  
  14  0:19  Pylon  
  14  0:24  Probe  
  15  0:37  Probe (Chrono Boost)  
  15  0:41  Gateway  
  16  0:46  Probe (Chrono Boost)  
  16  0:47  Assimilator  
  17  0:51  Probe  
  18  1:03  Probe  
  19  1:15  Probe  
  20  1:23  Nexus  
  20  1:35  Cybernetics Core  
  20  1:37  Probe  
  21  1:42  Assimilator  
  21  1:49  Probe  
  21  1:53  Pylon  
  22  2:01  Probe  
  22  2:08  Adept (Chrono Boost)  
  23  2:13  Probe  
  26  2:16  Stargate  
  21  2:22  Warp Gate  
  26  2:26  Probe (Chrono Boost)  
  26  2:28  Adept (Chrono Boost)  
  27  2:36  Probe (Chrono Boost)  
  30  2:43  Probe (Chrono Boost)  
  31  2:45  Probe (Chrono Boost)  
  31  2:50  Probe x2 (Chrono Boost)  
  34  2:59  Oracle (Chrono Boost)  
  34  3:02  Probe x2  
  39  3:05  Shield Battery  
  39  3:08  Stalker  
  41  3:14  Probe  
  41  3:15  Probe  
  43  3:26  Probe  
  41  3:27  Probe  
  41  3:30  Gateway  
  41  3:32  Pylon  
  41  3:35  Assimilator  
  41  3:37  Assimilator  
  41  3:41  Robotics Facility, Probe (Chrono Boost)  
  42  3:43  Probe (Chrono Boost)  
  43  3:53  Probe (Chrono Boost)  
  43  3:54  Probe (Chrono Boost)  
  45  3:56  Twilight Council  
  45  3:57  Probe (Chrono Boost)  
  45  4:02  Probe  
  47  4:06  Gateway  
  47  4:07  Gateway  
  48  4:10  Probe  
  48  4:14  Probe  
  48  4:16  Pylon  
  49  4:22  Probe  
  50  4:24  Warp Prism (Chrono Boost)  
  52  4:36  Adept x2, Templar Archives  
  56  4:46  Pylon  
  56  4:53  Nexus  
  56  4:55  Probe x2  
  58  5:08  Probe x2  
  58  5:11  Forge  
  60  5:15  High Templar x4  
  60  5:16  Pylon  
  60  5:18  Archon  
  60  5:19  Archon  
  60  5:20  Probe  
  69  5:30  Probe  
  69  5:31  Immortal (Chrono Boost)  
  69  5:34  Probe  
  75  5:42  Probe  
  76  5:46  Probe  
  76  5:47  Zealot  
  75  5:52  Gateway  
  75  5:53  Gateway  
  75  5:54  Probe, Protoss Ground Weapons Level 1  
  76  5:58  Probe  
  77  6:04  Immortal (Chrono Boost)  
  77  6:06  Probe x2  
  77  6:10  Probe, Sentry  
  77  6:11  Sentry, Shield Battery  
  86  6:14  Pylon  
  86  6:15  Sentry  
  86  6:18  Probe  
  91  6:28  Probe  
  91  6:29  Assimilator  
  91  6:34  Immortal (Chrono Boost), Assimilator, Probe  
  91  6:35  Probe  
  96  6:41  Pylon  
  96  6:42  Pylon  
  96  6:44  Probe  
  97  6:52  Probe  
  98  6:54  Charge  
  98  6:56  Gateway  
  98  7:00  Gateway  
  98  7:03  Pylon  
  98  7:04  Immortal (Chrono Boost), High Templar x2  
  98  7:05  Probe  
  98  7:06  Probe  
  108  7:10  Pylon  
  108  7:12  Probe, Pylon  
  108  7:13  Zealot x3  
  108  7:14  Archon  
  115  7:34  Immortal (Chrono Boost), Probe  
  120  7:37  Zealot x3  
  120  7:42  Zealot x3  
  120  7:43  Probe  
  103  7:51  Probe  
  103  7:53  Zealot, Probe  
  103  7:55  Probe  
  92  8:03  Probe  
  97  8:05  Immortal (Chrono Boost)  
  97  8:09  High Templar x4  
  97  8:10  Probe x2  
  97  8:11  Pylon  
  107  8:14  Archon  
  107  8:15  Probe, Archon  
  107  8:18  Zealot x4  
  107  8:19  Shield Battery  
  116  8:22  Probe x2  
  122  8:29  Probe  
  121  8:38  High Templar x2  
  125  8:45  Zealot x4, Archon  
  125  8:46  Zealot x2  
Show
View Real Time Build Order
Export as new Build Order

AGOElazer Zerg 

Build Orders: Hatch First 

Get SALT Encoding   

  12  0:00  Drone  
  13  0:12  Overlord  
  13  0:16  Drone  
  14  0:30  Drone x2  
  16  0:47  Hatchery  
  15  0:51  Drone  
  15  0:54  Drone  
  17  0:57  Drone  
  18  1:08  Extractor  
  17  1:12  Spawning Pool  
  17  1:15  Drone  
  17  1:19  Drone  
  18  1:27  Drone  
  19  1:38  Drone  
  20  1:47  Hatchery  
  20  1:50  Drone  
  20  1:59  Queen  
  22  2:01  Drone  
  22  2:05  Drone  
  24  2:10  Drone  
  24  2:14  Overlord  
  25  2:21  Queen  
  27  2:24  Drone  
  28  2:33  Zergling x4  
  28  2:36  Queen  
  32  2:42  Drone  
  32  2:43  Drone  
  34  2:44  Drone  
  35  2:52  Metabolic Boost  
  35  2:54  Zergling x2  
  36  2:58  Queen  
  36  2:59  Zergling x2  
  36  3:02  Overlord  
  39  3:07  Drone x2  
  39  3:24  Drone x4  
  39  3:26  Spore Crawler  
  40  3:28  Drone x4  
  40  3:32  Drone  
  40  3:33  Drone  
  46  3:39  Queen  
  48  3:43  Overlord  
  48  3:46  Drone  
  48  3:48  Drone  
  50  3:54  Drone  
  50  4:01  Overlord  
  49  4:03  Drone x6  
  49  4:05  Drone x2  
  57  4:11  Overlord  
  57  4:21  Drone x4  
  61  4:28  Extractor  
  61  4:29  Extractor  
  61  4:30  Drone x3, Roach Warren  
  61  4:33  Drone x3  
  61  4:37  Drone x2  
  66  4:38  Drone  
  66  4:41  Lair  
  67  4:46  Overlord  
  67  4:48  Drone x4  
  67  4:50  Drone  
  72  4:54  Overlord  
  72  4:57  Baneling Nest  
  71  5:01  Overlord  
  71  5:02  Zergling x4  
  73  5:08  Overlord  
  73  5:10  Roach x4  
  81  5:15  Roach x3  
  81  5:20  Overlord  
  87  5:21  Extractor  
  87  5:23  Extractor  
  87  5:27  Roach x2  
  87  5:28  Drone x3  
  92  5:30  Drone x2  
  94  5:38  Drone x4  
  94  5:39  Ravager  
  94  5:41  Drone, Extractor  
  98  5:43  Drone x3  
  100  5:50  Centrifugal Hooks  
  100  5:51  Overlord  
  100  5:56  Drone  
  101  5:57  Drone  
  101  6:00  Overlord  
  102  6:06  Overlord x3  
  102  6:19  Hatchery  
  102  6:23  Roach x3  
  102  6:24  Overlord  
  105  6:27  Zergling x14  
  105  6:31  Zergling x6  
  115  6:35  Overlord  
  115  6:38  Ravager x7  
  122  6:41  Zergling x14  
  122  6:46  Zergling x2  
  126  6:50  Ravager x3  
  128  6:56  Ravager  
  128  7:00  Zergling x14  
  134  7:02  Overlord  
  134  7:10  Zergling x14  
  134  7:13  Baneling x9  
  140  7:21  Zergling x6  
  139  7:23  Baneling x9  
  139  7:28  Zergling x2  
  139  7:29  Zergling x8  
  142  7:30  Baneling x5  
  140  7:41  Zergling x8  
  127  7:47  Zergling x12  
  113  7:52  Roach x2  
  113  7:58  Zergling x6  
  111  8:00  Zergling x8  
  112  8:06  Roach x2  
  112  8:07  Zergling x6  
  114  8:12  Ravager  
  114  8:13  Ravager  
  114  8:18  Roach x2  
  114  8:19  Roach x2  
  123  8:21  Baneling x19  
  123  8:23  Zergling x10  
  128  8:29  Zergling x4  
  127  8:34  Baneling x8  
  127  8:36  Zergling x4  
  127  8:37  Zergling x6  

Tags
 
Add a new tag
Caveats
  • Supply blocks, unpowered buildings, or Contaminate may cause inaccurate times.
  • Supply counts are checked every 10 seconds.